AA NE
BINGHAMTON RUMBLE PONIES @ ERIE SEAWOLVES
08/30/2041
 
TOP OF THE 1ST
Binghamton Rumble Ponies batting - Pitching for Erie SeaWolves : RHP Luis Cervantes
Pitching: RHP Luis Cervantes
Batting: LHB Robbie Curry 0-0: Ball
1-0: Called Strike
1-1: Called Strike
1-2: Foul Ball, location: 7LDF
1-2: Ball
2-2: Ball
3-2: Foul Ball, location: 3F
3-2: Foul Ball, location: 7LSF
3-2: Strikes out swinging
Batting: RHB Jim Unknown 0-0: Foul Ball, location: 9LSF
0-1: Foul Ball, location: 2F
0-2: Strikes out swinging
Batting: LHB Don McClure 0-0: Ball
1-0: Called Strike
1-1: Ball
2-1: Swinging Strike
2-2: Strikes out looking
Top of the 1st over - 0 runs, 0 hits, 0 errors, 0 left on base; Binghamton 0 - Erie 0
BOTTOM OF THE 1ST
Erie SeaWolves batting - Pitching for Binghamton Rumble Ponies : RHP Jim Unknown
Pitching: RHP Jim Unknown
Batting: SHB Luis Alemán 0-0: Ball
1-0: Ball
2-0: SINGLE (Line Drive, 7S, EV 91.9 MPH)
Batting: RHB Teo Pors 0-0: Ball
Luis Alemán steals 2nd base
1-0: Foul Ball, location: 2F
1-1: Ball
2-1: SINGLE (Groundball, 34D, EV 100.0 MPH)
Luis Alemán to third
Runner from 3rd tries for Home, SAFE, throw by RF to home
Batting: SHB Billy Davis 0-0: Called Strike
Teo Pors is caught stealing 2nd base 2-6
0-1: Foul Ball, location: 2F
0-2: SOLO HOME RUN (Flyball, 9D, EV 104.4 MPH), Distance : 396 ft
Batting: SHB António González 0-0: Called Strike
0-1: SINGLE (Groundball, 34S, EV 73.8 MPH) (infield hit)
Batting: RHB Don Lewis 0-0: Called Strike
Pickoff Throw to First - Out! 1-3 CS
0-1: Ball
1-1: Ball
2-1: Ball
3-1: Foul Ball, location: 2F
3-2: Base on Balls
Batting: SHB Cristián Medina 0-0: Ball
Don Lewis steals 2nd base
1-0: Ball
2-0: Ball
3-0: Base on Balls
Batting: RHB Rocky Brown 0-0: Ball
1-0: Ball
2-0: Foul Ball, location: 2F
2-1: Foul Ball, location: 2F
2-2: Ground out 6-3 (Groundball, 6M, EV 86.3 MPH)
Bottom of the 1st over - 2 runs, 4 hits, 0 errors, 2 left on base; Binghamton 0 - Erie 2
TOP OF THE 2ND
Binghamton Rumble Ponies batting - Pitching for Erie SeaWolves : RHP Luis Cervantes
Batting: RHB Jim Unknown 0-0: Called Strike
0-1: Ball
1-1: DOUBLE (Line Drive, 78M, EV 111.3 MPH)
Batting: LHB Jim Unknown 0-0: Ball
Jim Unknown is caught stealing 3rd base 2-5
1-0: Ball
2-0: Called Strike
2-1: DOUBLE (Line Drive, 8RXD, EV 101.3 MPH)
Batting: RHB Jim Unknown 0-0: SINGLE (Groundball, 56D, EV 106.3 MPH)
Jim Unknown to third
Runner from 3rd tries for Home, SAFE, throw by LF to home
Batting: LHB Jim Unknown 0-0: Called Strike
0-1: Fly out, F7 (Flyball, 7, EV 93.1 MPH)
Batting: SHB Jim Unknown 0-0: 2-RUN HOME RUN (Flyball, 7LD, EV 95.6 MPH), Distance : 356 ft
Batting: RHB Jim Unknown 0-0: Ball
1-0: Called Strike
1-1: Called Strike
1-2: Ball
2-2: Strikes out swinging
Top of the 2nd over - 3 runs, 4 hits, 0 errors, 0 left on base; Binghamton 3 - Erie 2
BOTTOM OF THE 2ND
Erie SeaWolves batting - Pitching for Binghamton Rumble Ponies : RHP Jim Unknown
Batting: RHB Joe Milligan 0-0: Ball
1-0: Ball
2-0: Ball
3-0: Called Strike
3-1: Base on Balls
Batting: RHB Jorge Sánchez 0-0: Ball
1-0: Sac Bunt to 13 - play at first, batter OUT! 1-3
Joe Milligan to second
Batting: SHB Luis Alemán 0-0: Called Strike
0-1: Called Strike
0-2: Ball
1-2: Foul Ball, location: 2F
1-2: DOUBLE (Line Drive, 89XD, EV 103.8 MPH)
Joe Milligan scores
Batting: RHB Teo Pors 0-0: Ball
1-0: Swinging Strike
1-1: Ball
2-1: Called Strike
2-2: Foul Ball, location: 9LSF
2-2: Foul Ball, location: 2F
2-2: Foul Ball, location: 2F
2-2: SINGLE (Groundball, 34D, EV 96.9 MPH)
Luis Alemán to third
Runner from 3rd tries for Home, SAFE, throw by RF to home
Batting: SHB Billy Davis 0-0: Called Strike
0-1: Ball
Teo Pors steals 2nd base
1-1: Ball
2-1: Called Strike
2-2: Ball
3-2: Foul Ball, location: 2F
3-2: SINGLE (Line Drive, 4MD, EV 96.3 MPH)
Teo Pors to third
Runner from 3rd tries for Home, SAFE, throw by CF to home
Batting: SHB António González 0-0: Ball
1-0: Called Strike
1-1: Foul Ball, location: 2F
1-2: Fly out, F6 (Line Drive, 6M, EV 66.3 MPH)
Pitching: RHP Jim Unknown
Batting: RHB Don Lewis 0-0: SINGLE (Line Drive, 8LS, EV 88.8 MPH)
Billy Davis to second
Runner from 2nd tries for 3rd, SAFE after rundown.
Batting: SHB Cristián Medina 0-0: Ball
1-0: Called Strike
1-1: Ball
2-1: Ball
3-1: Foul Ball, location: 7LDF
3-2: Ground out 4-3 (Groundball, 4, EV 103.8 MPH)
Bottom of the 2nd over - 3 runs, 4 hits, 0 errors, 2 left on base; Binghamton 3 - Erie 5
TOP OF THE 3RD
Binghamton Rumble Ponies batting - Pitching for Erie SeaWolves : RHP Luis Cervantes
Batting: LHB Robbie Curry 0-0: Ball
1-0: Ground out U3 (Groundball, 13, EV 87.5 MPH)
Batting: RHB Jim Unknown 0-0: Called Strike
0-1: Ball
1-1: Ball
2-1: Ball
3-1: Base on Balls
Batting: LHB Don McClure 0-0: Swinging Strike
0-1: Foul Ball, location: 2F
0-2: Strikes out swinging
Batting: RHB Jim Unknown 0-0: Ball
1-0: Called Strike
Jim Unknown steals 2nd base
1-1: Foul Ball, location: 9LMF
1-2: Ball
2-2: Strikes out swinging
Top of the 3rd over - 0 runs, 0 hits, 0 errors, 1 left on base; Binghamton 3 - Erie 5
BOTTOM OF THE 3RD
Erie SeaWolves batting - Pitching for Binghamton Rumble Ponies : RHP Jim Unknown
Batting: RHB Rocky Brown 0-0: Ball
1-0: Ball
2-0: Ball
3-0: Base on Balls
Batting: RHB Joe Milligan 0-0: Ball
1-0: Ball
2-0: Sac Bunt to 2L - play at first, batter OUT! 2-3
Rocky Brown to second
Batting: RHB Jorge Sánchez 0-0: Ball
1-0: Ground out 6-3 (Groundball, 6MD, EV 108.1 MPH)
Rocky Brown to third
Batting: SHB Luis Alemán 0-0: Ball
1-0: Called Strike
1-1: Ground out 4-3 (Groundball, 4, EV 109.4 MPH)
Bottom of the 3rd over - 0 runs, 0 hits, 0 errors, 1 left on base; Binghamton 3 - Erie 5
TOP OF THE 4TH
Binghamton Rumble Ponies batting - Pitching for Erie SeaWolves : RHP Luis Cervantes
Batting: LHB Jim Unknown 0-0: Called Strike
0-1: Ball
1-1: Called Strike
1-2: Ball
2-2: Foul Ball, location: 5FF
2-2: Ball
3-2: Base on Balls
Batting: RHB Jim Unknown 0-0: Foul Ball, location: 5F
0-1: Sac Bunt to 13S - play at first, batter OUT! 1-3
Jim Unknown to second
Batting: LHB Jim Unknown 0-0: SINGLE (Groundball, 13, EV 79.4 MPH) (infield hit)
Jim Unknown to third
Batting: SHB Jim Unknown 0-0: Called Strike
0-1: Swinging Strike
0-2: Ball
1-2: Ball
2-2: Ball
3-2: Base on Balls
Jim Unknown to second
Batting: RHB Jim Unknown 0-0: Called Strike
0-1: Swinging Strike
0-2: Foul Ball, location: 23F
0-2: Fly out, F8 (Flyball, 89D, EV 105.0 MPH)
Runner from 3rd tags up, OUT at HOME! 8-2
Top of the 4th over - 0 runs, 1 hit, 0 errors, 2 left on base; Binghamton 3 - Erie 5
BOTTOM OF THE 4TH
Erie SeaWolves batting - Pitching for Binghamton Rumble Ponies : RHP Jim Unknown
Batting: RHB Teo Pors 0-0: Ball
1-0: Called Strike
1-1: Called Strike
1-2: Hit by Pitch
Batting: SHB Billy Davis 0-0: Ball
1-0: Called Strike
1-1: Ball
2-1: Ball
3-1: Base on Balls
Teo Pors to second
Batting: SHB António González 0-0: Grounds into double play, 3-6-3 (Groundball, 3, EV 106.3 MPH)
Teo Pors to third
Batting: RHB Don Lewis 0-0: Foul Ball, location: 9LDF
0-1: Ball
1-1: Ball
2-1: Foul Ball, location: 23F
2-2: Foul Ball, location: 3F
2-2: Ball
3-2: Base on Balls
Batting: SHB Cristián Medina 0-0: Called Strike
0-1: SINGLE (Groundball, 4D, EV 108.1 MPH)
Teo Pors scores
Don Lewis to second
Runner from 2nd tries for 3rd, SAFE, throw by CF made to third
Batting: RHB Rocky Brown 0-0: DOUBLE (Groundball, 5L, EV 110.6 MPH)
Don Lewis scores
Cristián Medina to third
Batting: RHB Joe Milligan 0-0: Ball
1-0: Fly out, F8 (Flyball, 89D, EV 111.3 MPH)
Bottom of the 4th over - 2 runs, 2 hits, 0 errors, 2 left on base; Binghamton 3 - Erie 7
TOP OF THE 5TH
Binghamton Rumble Ponies batting - Pitching for Erie SeaWolves : RHP Luis Cervantes
Batting: LHB Robbie Curry 0-0: Ball
1-0: Foul Ball, location: 9LSF
1-1: Ground out 4-3 (Groundball, 13, EV 81.9 MPH)
Batting: RHB Jim Unknown 0-0: Foul Ball, location: 2F
0-1: Fly out, F6 (Line Drive, 6, EV 73.1 MPH)
Batting: LHB Don McClure 0-0: Ball
1-0: Ball
2-0: Ball
3-0: Called Strike
3-1: Base on Balls
Batting: RHB Jim Unknown 0-0: Ball
1-0: Called Strike
1-1: Ball
2-1: Ball
3-1: Fielders Choice at 2nd, 5-4 (Groundball, 5, EV 87.5 MPH)
Top of the 5th over - 0 runs, 0 hits, 0 errors, 1 left on base; Binghamton 3 - Erie 7
BOTTOM OF THE 5TH
Erie SeaWolves batting - Pitching for Binghamton Rumble Ponies : RHP Jim Unknown
Batting: RHB Jorge Sánchez 0-0: Ball
1-0: Ball
2-0: Foul Ball, location: 3F
2-1: Ground out 5-3 (Groundball, 56, EV 83.1 MPH)
Batting: SHB Luis Alemán 0-0: Ball
1-0: Called Strike
1-1: Called Strike
1-2: Fly out, F8 (Flyball, 8RXD, EV 93.1 MPH)
Batting: RHB Teo Pors 0-0: Ball
1-0: Called Strike
1-1: Called Strike
1-2: Foul Ball, location: 2F
1-2: Ball
2-2: Ball
3-2: Base on Balls
Pitching: RHP Jim Unknown
Batting: SHB Billy Davis 0-0: Ball
1-0: Ball
2-0: Called Strike
Teo Pors steals 2nd base
2-1: Ball
3-1: Called Strike
3-2: Base on Balls
Batting: SHB António González 0-0: Ball
1-0: Ball
2-0: Ball
3-0: Called Strike
3-1: Fly out, F9 (Flyball, 9S, EV 88.1 MPH)
Bottom of the 5th over - 0 runs, 0 hits, 0 errors, 2 left on base; Binghamton 3 - Erie 7
TOP OF THE 6TH
Binghamton Rumble Ponies batting - Pitching for Erie SeaWolves : RHP Luis Cervantes
Batting: LHB Jim Unknown 0-0: Called Strike
0-1: Foul Ball, location: 3SF
0-2: Ball
1-2: Foul Ball, location: 9LSF
1-2: Ball
2-2: Foul Ball, location: 3F
2-2: Ball
3-2: Foul Ball, location: 5DF
3-2: Base on Balls
Batting: RHB Jim Unknown 0-0: Grounds into double play, 6-4-3 (Groundball, 6, EV 98.1 MPH)
Batting: LHB Jim Unknown 0-0: Foul Ball, location: 7LMF
0-1: Fly out, F7 (Flyball, 7, EV 91.3 MPH)
Top of the 6th over - 0 runs, 0 hits, 0 errors, 0 left on base; Binghamton 3 - Erie 7
BOTTOM OF THE 6TH
Erie SeaWolves batting - Pitching for Binghamton Rumble Ponies : RHP Jim Unknown
Batting: RHB Don Lewis 0-0: Swinging Strike
0-1: Foul Ball, location: 2F
0-2: Ball
1-2: Ground out 6-3 (Groundball, 6, EV 80.6 MPH)
Batting: SHB Cristián Medina 0-0: Foul Ball, location: 2F
0-1: DOUBLE (Flyball, 78XD, EV 98.8 MPH)
Batting: RHB Rocky Brown 0-0: Foul Ball, location: 2F
0-1: Foul Ball, location: 2LF
0-2: Foul Ball, location: 2F
0-2: Foul Ball, location: 9LMF
0-2: Ball
1-2: Foul Ball, location: 2F
1-2: Fly out, F8 (Flyball, 8LD, EV 75.0 MPH)
Batting: RHB Joe Milligan 0-0: Ball
1-0: Ground out 6-3 (Groundball, 6, EV 99.4 MPH)
Bottom of the 6th over - 0 runs, 1 hit, 0 errors, 1 left on base; Binghamton 3 - Erie 7
TOP OF THE 7TH
Binghamton Rumble Ponies batting - Pitching for Erie SeaWolves : RHP Luis Cervantes
Batting: SHB Jim Unknown 0-0: Called Strike
0-1: Ball
1-1: Swinging Strike
1-2: Foul Ball, location: 5F
1-2: Fly out, F8 (Flyball, 8LD, EV 103.8 MPH)
Batting: RHB Jim Unknown 0-0: Ball
1-0: Called Strike
1-1: Ball
2-1: Swinging Strike
2-2: Ball
3-2: Foul Ball, location: 9LMF
3-2: Strikes out swinging
Batting: LHB Robbie Curry 0-0: Fly out, F8 (Flyball, 8RM, EV 97.5 MPH)
Top of the 7th over - 0 runs, 0 hits, 0 errors, 0 left on base; Binghamton 3 - Erie 7
BOTTOM OF THE 7TH
Erie SeaWolves batting - Pitching for Binghamton Rumble Ponies : RHP Jim Unknown
Batting: RHB Jorge Sánchez 0-0: Hit by Pitch
Batting: SHB Luis Alemán 0-0: Swinging Strike
0-1: Called Strike
0-2: Ball
1-2: Strikes out swinging
Batting: RHB Teo Pors 0-0: Called Strike
0-1: Ball
1-1: Called Strike
1-2: Fly out, F9 (Flyball, 9, EV 85.0 MPH)
Batting: SHB Billy Davis 0-0: Ball
1-0: Called Strike
Jorge Sánchez is caught stealing 2nd base 2-6
Bottom of the 7th over - 0 runs, 0 hits, 0 errors, 0 left on base; Binghamton 3 - Erie 7
TOP OF THE 8TH
Binghamton Rumble Ponies batting - Pitching for Erie SeaWolves : RHP Luis Cervantes
Batting: RHB Jim Unknown 0-0: Swinging Strike
0-1: Called Strike
0-2: Ball
1-2: Foul Ball, location: 2F
1-2: Strikes out swinging
Batting: LHB Don McClure 0-0: Called Strike
0-1: Ball
1-1: Foul Ball, location: 25FF
1-2: Foul Ball, location: 2F
1-2: Foul Ball, location: 2F
1-2: Foul Ball, location: 5FF
1-2: Ball
2-2: Ball
3-2: Foul Ball, location: 2F
3-2: Strikes out swinging
Batting: RHB Jim Unknown 0-0: Ball
1-0: Swinging Strike
1-1: Foul Ball, location: 9LSF
1-2: Strikes out swinging
Top of the 8th over - 0 runs, 0 hits, 0 errors, 0 left on base; Binghamton 3 - Erie 7
BOTTOM OF THE 8TH
Erie SeaWolves batting - Pitching for Binghamton Rumble Ponies : RHP Jim Unknown
Batting: SHB Billy Davis 0-0: Ball
1-0: Foul Ball, location: 7LDF
1-1: Ball
2-1: Foul Ball, location: 3F
2-2: Ball
3-2: Foul Ball, location: 5FF
3-2: Foul Ball, location: 23F
3-2: Foul Ball, location: 2F
3-2: Fly out, F5 (Popup, 5, EV 60.6 MPH)
Batting: SHB António González 0-0: Ball
1-0: Ball
2-0: DOUBLE (Flyball, 8RXD, EV 90.0 MPH)
Pitching: RHP Jim Unknown
Batting: RHB Don Lewis 0-0: Ground out 4-3 (Groundball, 34, EV 102.5 MPH)
António González to third
Batting: SHB Cristián Medina 0-0: Called Strike
0-1: Ball
1-1: Called Strike
1-2: Fly out, F7 (Line Drive, 78M, EV 90.0 MPH)
Bottom of the 8th over - 0 runs, 1 hit, 0 errors, 1 left on base; Binghamton 3 - Erie 7
TOP OF THE 9TH
Binghamton Rumble Ponies batting - Pitching for Erie SeaWolves : RHP Luis Cervantes
Batting: LHB Jim Unknown 0-0: Swinging Strike
0-1: Ball
1-1: Foul Ball, location: 7LSF
1-2: Foul Ball, location: 23FF
1-2: Ball
2-2: Fly out, F9 (Flyball, 89M, EV 81.3 MPH)
Pitching: RHP Lynwood Stroud
Batting: RHB Jim Unknown 0-0: Ball
1-0: Called Strike
1-1: Swinging Strike
1-2: Foul Ball, location: 9LSF
1-2: Strikes out swinging
Batting: LHB Jim Unknown 0-0: Called Strike
0-1: Swinging Strike
0-2: Strikes out looking
Top of the 9th over - 0 runs, 0 hits, 0 errors, 0 left on base; Binghamton 3 - Erie 7
Monday, April 1st , 2024 - OOTP Baseball 24.10 Build 82